[Event "21th Rochefort Chess Festival - Masters"]
[Site "Rochefort, France"]
[Date "2023.02.15"]
[Round "7.1"]
[White "Ghosh, Diptayan"]
[Black "Maksimenko, Andrei"]
[Result "1/2-1/2"]
[TimeControl "1h30 + [30'']"]
[WhiteElo "2553"]
[BlackElo "2426"]

1. Nf3 d5 2. c4 c6 3. e3 Nf6 4. Nc3 Nbd7 5. d4 e6 6.
Be2 Bd6 7. O-O O-O 8. b3 b6 9. Bb2 Bb7 10. Qc2 Re8 11. Rad1 Qe7 12. Rfe1 Rad8 13. h3 a6 14. Ba1 h6 15.
e4 dxe4 16. Nxe4 Nxe4 17. Qxe4 Bb4 18. Rf1 Nf6 19. Qe3 c5 20. Ne5 cxd4 21. Bxd4 Bc5 22. Bxc5 Qxc5 23. Qxc5 bxc5 24. f3 1/2-1/2

[Event "21th Rochefort Chess Festival - Masters"]
[Site "Rochefort, France"]
[Date "2023.02.15"]
[Round "7.2"]
[White "Larkin, Vladyslav"]
[Black "Ghazarian, Kirk"]
[Result "1/2-1/2"]
[TimeControl "1h30 + [30'']"]
[WhiteElo "2441"]
[BlackElo "2471"]

1. d4 Nf6 2. Bf4 d5 3. e3 e6 4. Nd2 Bd6 5. Bg3 O-O 6. Bd3 c5 7. c3 Qc7 8.
Bh4 Nbd7 9. f4 c4 10. Bc2 b5 11. a3 Bb7 12. Qf3 a5 13. Ne2 b4 14. Bxf6 Nxf6 15. O-O bxa3 16. bxa3 Bc6 17.
Ng3 Rab8 18. Ra2 a4 19. e4 dxe4 20. Ngxe4 Nxe4 21. Bxe4 Bxe4 22. Nxe4 Rb3 23. g3 Bxa3 24. f5 exf5 25.
Qxf5 Bb2 26. Rxa4 Bxc3 27. Qd5 Rd8 28. Rxc4 Rxd5 29. Rxc7 Bxd4+ 30. Kh1 f6 31. Rd1 Rbb5 32. Nc3 Bxc3 33.
Rxd5 Rxd5 34. Rxc3 Rd2 35. Rc7 h6 36. Kg1 Kh7 1/2-1/2

[Event "21th Rochefort Chess Festival - Masters"]
[Site "Rochefort, France"]
[Date "2023.02.15"]
[Round "7.4"]
[White "Ilamparthi A R"]
[Black "Sasikiran, Krishnan"]
[Result "1/2-1/2"]
[TimeControl "1h30 + [30'']"]
[WhiteElo "2385"]
[BlackElo "2619"]

1. Nf3 d5 2. g3 Nf6 3. Bg2 c6 4. O-O Bg4 5. d3 Nbd7 6. Nbd2 e5 7. h3 Bxf3 8. Bxf3 h5 9.
h4 g6 10. e4 Bg7 11. Qe2 O-O 12. Bg2 Qb6 13. Nf3 Qa6 14. Ng5 dxe4 15. Nxe4 Nxe4 16. Qxe4 Rfe8 17. Bg5 Nc5 18. Qb4 Bf8 19.
Qc3 Qb5 20. Rfe1 Bg7 21. Be3 Na6 22. Qb3 Nc7 23. Qxb5 Nxb5 24. a4 Nc7 25. a5 a6 26. Ra4 Nd5 27. Bxd5 cxd5 28. Rb4 Re7 29.
c4 Rd7 30. Rb6 Rc8 31. cxd5 Rxd5 32. Rxb7 Rxa5 33. b4 Rb5 34. Rxb5 axb5 35. Bc5 Rd8 36. Ra1 e4 37. d4 Bxd4 38.
Ra5 Bxc5 39. bxc5 Rd1+ 40. Kg2 Rb1 41. c6 Kg7 42. c7 Rc1 43. Rxb5 Rxc7 44. Re5 Rc4 45. Kf1 Kf6 46. Ra5 Rc2 47.
Ke1 Ke6 48. Kf1 Rd2 49. Rb5 Ra2 50. Ke1 Rc2 51. Ra5 Rb2 52. Rc5 f6 53. Kf1 Rd2 54. Ra5 Rd5 55. Ra6+ Kf5 56. Kg2 Rd2 57.
Ra5+ Ke6 58. Kf1 Rd5 59. Ra6+ Kf5 60. Kg2 Re5 61. Rb6 e3 62. fxe3 Rxe3 63. Rb5+ Re5 64. Rb6 Rd5 65. Kf3 Rd3+ 66.
Kg2 Re3 67. Rb5+ Re5 68. Rb6 Rc5 69. Kf3 Ke5 70. Ra6 Rc3+ 71. Kg2 Rd3 72. Ra5+ Ke4 73. Ra6 Rd2+ 74. Kh3 g5 75. hxg5 fxg5 76.
Ra4+ Ke3 77. Ra3+ Ke4 78. Ra4+ Ke5 79. Ra5+ Rd5 80. Ra4 Rb5 81. Rc4 Rd5 82. Ra4 Ke6 83. Ra6+ Rd6 84. Ra5 Kf6 85.
Rb5 Re6 86. Ra5 Kg6 87. Rb5 Re2 88. Rb6+ Kg7 89. Rb7+ Kf6 90. Rb6+ Re6 91. Rb5 Rd6 92. Ra5 Rd2 93. Ra6+ Ke5 94.
Ra5+ Rd5 95. Ra4 Rb5 96. Rc4 Kf5 97. Ra4 Re5 98. Rb4 Re4 99. Rb5+ Kf6 100. Rb6+ Re6 101. Rb5 Re2 102. Rb6+ Kf5 103.
Rb5+ Kf6 104. Rb6+ Re6 105. Rb5 Ra6 106. Rc5 Ra3 107. Rc6+ Kf7 108. Rc5 h4 109. Rxg5 Rxg3+ 110.
Rxg3 hxg3 111. Kxg3 1/2-1/2

[Event "21th Rochefort Chess Festival - Masters"]
[Site "Rochefort, France"]
[Date "2023.02.15"]
[Round "7.5"]
[White "Viani Antonio Dcunha"]
[Black "Nikolov, Momchil"]
[Result "1/2-1/2"]
[TimeControl "1h30 + [30'']"]
[WhiteElo "2377"]
[BlackElo "2480"]

1. e4 c5 2. Nf3 d6 3. d4 cxd4 4. Nxd4 Nf6 5. Nc3 a6 6. Be3 e5 7. Nb3 Be6 8. f3 h5 9. Qd2 Nbd7 10. Nd5 Bxd5 11. exd5 g6 12. Na5 Qc7 13.
Be2 Bg7 14. O-O e4 15. c4 exf3 16. gxf3 O-O 17. b4 Rfe8 18. Rac1 Rxe3 19. Qxe3 Re8 20. Qf2 Bh6 21. f4 Ne4 22.
Qe3 Nef6 23. Qf2 Ne4 24. Qe3 Nef6 25. Qf2 Ne4 26.
Qe3 Ndf6 27. Kg2 Ng3 28. Qxg3 Rxe2+ 29. Kh1 Qe7 30. Qf3 Ng4 31. Qg3 Nf6 32. Rce1 Qe4+ 33. Kg1 Qd4+ 34. Kh1 Bxf4 35. Qxf4 1/2-1/2



[ePGN "0.1;DGT LiveChess/2.2.5"]

[Event "21th Rochefort Chess Festival - Masters"]
[Site "Rochefort, France"]
[Date "2023.02.16"]
[Round "8.5"]
[White "Nikolov, Momchil"]
[Black "Lamaze, Simon"]
[Result "1-0"]
[TimeControl "1h30 + [30'']"]
[WhiteElo "2480"]
[BlackElo "2372"]

1. d4 Nf6 2. c4 e6 3. Nf3 b6 4. g3 Ba6 5. b3 Bb4+ 6. Bd2 Be7 7. Nc3 d5 8. cxd5 exd5 9. Bg2 O-O 10.
O-O Re8 11. Ne5 Bb7 12. Rc1 Nbd7 13. Rc2 a6 14. Bc1 Bd6 15. Nd3 Qe7 16. Bg5 Qe6 17. Bf4 Bxf4 18. Nxf4 Qd6 19. e3 c6 20.
Qd3 Re7 21. Rfc1 Rae8 22. Na4 h5 23. h4 g6 24. Nc3 Kg7 25. Nh3 Ng4 26. e4 dxe4 27. Nxe4 Qb4 28. Nd2 Re1+ 29. Nf1 Rxc1 30.
Rxc1 Re6 31. Nf4 Rd6 32. Ne2 Ndf6 33. Ne3 Bc8 34. a3 Qxa3 35. Nc4 Qb4 36. Nxd6 Qxd6 37. Rxc6 Qd8 38. Rc1 Be6 39.
d5 Bxd5 40. Nf4 1-0

[Event "21th Rochefort Chess Festival - Masters"]
[Site "Rochefort, France"]
[Date "2023.02.16"]
[Round "8.4"]
[White "Sasikiran, Krishnan"]
[Black "Girel, Joseph"]
[Result "1/2-1/2"]
[TimeControl "1h30 + [30'']"]
[WhiteElo "2619"]
[BlackElo "2387"]

1. e4 c5 2. Nf3 Nc6 3. Bb5 e6 4. O-O Nge7 5. c3 a6 6. Ba4 b5 7. Bc2 Bb7 8. d4 cxd4 9. Nxd4 Ng6 10.
Nd2 Be7 11. Re1 O-O 12. N2f3 Rc8 13. a3 Qc7 14. Nxc6 dxc6 15. a4 c5 16. axb5 axb5 17. Qe2 Bc6 18. g3 Ra8 19. Rxa8 Rxa8 20.
h4 e5 21. Nh2 Nf8 22. Ng4 c4 23. Rd1 Nd7 24. Ne3 Ra1 25. Kh2 g6 26. f3 Nf6 27. b3 cxb3 28. Bxb3 Ba3 29. Bd2 Rxd1 30.
Nxd1 Bc5 31. Be3 Qd6 32. Qd2 Qxd2+ 33. Bxd2 Nd7 34. Nb2 Bd6 35. c4 Nb6 36. Be3 Nxc4 37. Nxc4 bxc4 38. Bxc4 Kg7 1/2-1/2

[Event "21th Rochefort Chess Festival - Masters"]
[Site "Rochefort, France"]
[Date "2023.02.16"]
[Round "8.2"]
[White "Harsha Bharathakoti"]
[Black "Larkin, Vladyslav"]
[Result "1/2-1/2"]
[TimeControl "1h30 + [30'']"]
[WhiteElo "2599"]
[BlackElo "2441"]

1. Nf3 d5 2. g3 c6 3. Bg2 Nf6 4. c4 dxc4 5. O-O g6 6. Na3 Nbd7 7. Nxc4 Nb6 8. b3 Bg7 9. Bb2 O-O 10.
d3 a5 11. Rc1 a4 12. Bd4 Nfd5 13. Nxb6 Nxb6 14. Bxg7 Kxg7 15. b4 a3 16. Qd2 Qd6 17. Ng5 Rd8 18. Ne4 Qd4 19. Nc5 Nd5 20.
Rb1 Qc3 21. Rfd1 Qxd2 22. Rxd2 Nc3 23. Rc1 Nb5 24. e3 Nc7 25. Rb1 Nd5 26. Rc2 b6 27. Ne4 Ra4 28. Rxc6 Rxb4 29. Rxb4 Nxb4 30.
Rc3 Nxd3 31. Rxa3 Ne1 32. Nc3 Rd2 33. Be4 Bh3 34. Rb3 f5 35. Rb1 Nd3 36. Bxd3 Rxd3 37. Na4 Ra3 1/2-1/2

[Event "21th Rochefort Chess Festival - Masters"]
[Site "Rochefort, France"]
[Date "2023.02.16"]
[Round "8.1"]
[White "Deshpande, Aniruddha"]
[Black "Ghosh, Diptayan"]
[Result "0-1"]
[TimeControl "1h30 + [30'']"]
[WhiteElo "2204"]
[BlackElo "2553"]

1. d4 d5 2. c4 c6 3. Nf3 Nf6 4. Qb3 dxc4 5. Qxc4 Bf5 6. g3 e6 7. Bg2 Be7 8. O-O O-O 9. e3 Nbd7 10.
Qe2 Qc7 11. Nc3 e5 12. e4 Bg4 13. Be3 exd4 14. Bxd4 Rfe8 15. Qc2 Bc5 16. Bxc5 Nxc5 17. Nh4 Rad8 18. h3 Be6 19. Rad1 a5 20.
Rxd8 Rxd8 21. Rd1 Rxd1+ 22. Qxd1 Qd7 23. Qxd7 Nfxd7 24. b3 Ne5 25. f4 g5 26. fxg5 b5 27. Nf3 b4 28. Ne2 Nxf3+ 29. Bxf3 a4 30. Nd4 axb3 31. axb3 Nxb3 32. Nxc6 Nd2 33. Bd1 b3 34. Nd4 b2 35. Bc2 Bxh3 36. Kf2 b1=Q 37. Bxb1 Nxb1 38.
Ke3 Nc3 39. Nf5 Kf8 40. Kf4 Bg2 41. e5 Nd5+ 42. Kg4 Be4 43. Nd4 Nc7 44. Ne2 Ne6 45. Nf4 Ke7 46. Nh5 Bg6 47. Nf6 Nc5 0-1

[Event "21th Rochefort Chess Festival - Masters"]
[Site "Rochefort, France"]
[Date "2023.02.16"]
[Round "8.3"]
[White "Ghazarian, Kirk"]
[Black "Maksimenko, Andrei"]
[Result "1/2-1/2"]
[TimeControl "1h30 + [30'']"]
[WhiteElo "2471"]
[BlackElo "2426"]

1. d4 d5 2. c4 c6 3. Nf3 Nf6 4. Nc3 dxc4 5. a4 e6 6. e3 c5 7. Bxc4 Nc6 8. O-O Be7 9. Qe2 O-O 10.
dxc5 Bxc5 11. e4 e5 12. Be3 Bxe3 13. Qxe3 Nd4 14. Rac1 Nxf3+ 15. Qxf3 Qb6 16. Nd5 Nxd5 17. Bxd5 Be6 18.
Bxe6 Qxe6 19. Rc7 b6 20. Rfc1 Rac8 21. g3 f6 22. Kg2 Rxc7 23. Rxc7 Rf7 24. Rc3 h6 25. Qh5 Qd7 26. Qg6 Rf8 27.
b3 Rc8 1/2-1/2



[ePGN "0.1;DGT LiveChess/2.2.5"]

[Event "21th Rochefort Chess Festival - Masters"]
[Site "Rochefort, France"]
[Date "2023.02.17"]
[Round "9.3"]
[White "Degraeve, Remy"]
[Black "Ghazarian, Kirk"]
[Result "0-1"]
[TimeControl "1h30 + [30'']"]
[WhiteElo "2428"]
[BlackElo "2471"]

1. e4 e5 2. Nf3 Nc6 3. Bc4 Bc5 4. c3 Nf6 5. d3 d6 6. O-O a5 7. Re1 h6 8. Bb3 O-O 9. d4 Bb6 10.
h3 Re8 11. Bc2 exd4 12. cxd4 Nb4 13. Nc3 Nxc2 14. Qxc2 d5 15. e5 Ne4 16. Be3 Bf5 17. Nd2 Nxd2 18. Qxd2 c6 19. Rad1 f6 20.
f4 Bh7 21. g4 fxe5 22. dxe5 g5 23. f5 Rxe5 24. Kg2 Bxe3 25. Rxe3 Rxe3 26. Qxe3 Qe8 27. Qb6 h5 28. Rd2 hxg4 29.
hxg4 Qe7 30. a3 Re8 31. Re2 Qd7 32. Rxe8+ Qxe8 33. Qxb7 d4 34. Qb3+ Kf8 35. Nd1 Bg8 36. Qd3 Bd5+ 37.
Kf1 Qe5 38. Nf2 Qf4 39. Qc2 d3 40. Qc3 d2 41. Ke2 Qxf2+ 42. Kxf2 d1=N+ 0-1

[Event "21th Rochefort Chess Festival - Masters"]
[Site "Rochefort, France"]
[Date "2023.02.17"]
[Round "9.4"]
[White "Larkin, Vladyslav"]
[Black "Duboue, Peio"]
[Result "0-1"]
[TimeControl "1h30 + [30'']"]
[WhiteElo "2441"]
[BlackElo "2441"]

1. c4 e5 2. e3 Nf6 3. a3 c6 4. Nf3 e4 5. Nd4 d5 6. cxd5 cxd5 7. d3 Bc5 8. Nc3 O-O 9. Be2 Qe7 10.
O-O Nc6 11. Nxc6 bxc6 12. d4 Bd6 13. Na4 h5 14. Bd2 Ng4 15. h3 Nh2 16. Re1 Qg5 17. Kh1 Qh4 18. Bb4 Bc7 19. Rg1 Ng4 20.
Bxg4 hxg4 21. Qe1 Re8 22. Rc1 Re6 23. Ba5 Bb8 24. f4 g3 25. Rf1 Rh6 26. f5 g5 27. Bd8 Qh5 28. Qd1 g4 29.
Kg1 Bxf5 30. Rxf5 Qxf5 31. Qxg4+ Qxg4 32. hxg4 Bf4 33. exf4 Rxd8 34. Nc3 Rh4 35. Ne2 Rb8 36. Nxg3 Rxg4 37.
Nh5 Rg6 38. b4 f5 39. Rc3 Kf7 40. Ng3 Rbg8 41. Kh2 Rh8+ 42. Kg1 Rhg8 43. Kh2 Ke8 44. a4 a6 45. Nxf5 Rxg2+ 46. Kh3 R2g6 47.
Ng3 Kd7 48. a5 Rxg3+ 49. Rxg3 Rxg3+ 50. Kxg3 Ke6 51. Kg4 Kf6 0-1

[Event "21th Rochefort Chess Festival - Masters"]
[Site "Rochefort, France"]
[Date "2023.02.17"]
[Round "9.5"]
[White "Viani Antonio Dcunha"]
[Black "Sasikiran, Krishnan"]
[Result "1/2-1/2"]
[TimeControl "1h30 + [30'']"]
[WhiteElo "2377"]
[BlackElo "2619"]

1. e4 g6 2. d4 Bg7 3. Nc3 c6 4. f4 Qb6 5. Nf3 d5 6. e5 Bg4 7. Be2 Nh6 8. Na4 Qa5+ 9. c3 Nd7 10.
b4 Qc7 11. O-O e6 12. Be3 Nf5 13. Bf2 Bxf3 14. Bxf3 h5 15. g3 Bf8 16. Qb3 Be7 17. c4 Nb6 18. Nxb6 Qxb6 19. c5 Qc7 20. b5 b6 21. cxb6 axb6 22.
a4 cxb5 23. Qxb5+ Qd7 24. Be2 Qxb5 25. Bxb5+ Kf8 26. Rfc1 Kg7 27. Rc7 Rhc8 28. Rac1 Rxc7 29. Rxc7 Ba3 30. Rc2 Ne7 31. Bd7 Ra7 32.
Bb5 Ra8 33. Rc7 Nf5 34. Bd7 Kf8 35. Rc2 Rd8 36. Bb5 Ne7 37. Kf1 Rc8 38. Rxc8+ Nxc8 39. Ke2 Na7 40. h3 Nxb5 41. axb5 1/2-1/2

[Event "21th Rochefort Chess Festival - Masters"]
[Site "Rochefort, France"]
[Date "2023.02.17"]
[Round "9.2"]
[White "Maksimenko, Andrei"]
[Black "Harsha Bharathakoti"]
[Result "0-1"]
[TimeControl "1h30 + [30'']"]
[WhiteElo "2426"]
[BlackElo "2599"]

1. d4 g6 2. c4 Bg7 3. Nc3 d6 4. e4 e5 5. Nf3 Bg4 6. d5 Nd7 7. h3 Bxf3 8. Qxf3 h5 9. h4 Bh6 10.
g3 Kf8 11. Bh3 Kg7 12. Bxh6+ Nxh6 13. Qe3 Qe7 14. Qg5 Rhe8 15. O-O-O a6 16. Kb1 Rab8 17. f3 Nf6 18. Qe3 c5 19.
Rdg1 b5 20. g4 Nhg8 21. Bf1 bxc4 22. Bxc4 Rb4 23. Qd3 Reb8 24. b3 Qc7 25. Ka1 Qa5 26. Nb1 Ne7 27. Rh2 Qc7 28. g5 Nd7 29.
Bxa6 c4 30. Bxc4 Nc5 31. Qd1 Qa7 32. Rb2 Nc8 33. Rgg2 Nb6 34. Bf1 Nxd5 35. Qxd5 Rd4 36. Qc6 Nxb3+ 37. Rxb3 Rxb3 38. Bc4 Rb6 39.
Qc8 Rb8 40. Qc6 Rb6 41. Qc8 Rd1 0-1

[Event "21th Rochefort Chess Festival - Masters"]
[Site "Rochefort, France"]
[Date "2023.02.17"]
[Round "9.1"]
[White "Ghosh, Diptayan"]
[Black "Nikolov, Momchil"]
[Result "0-1"]
[TimeControl "1h30 + [30'']"]
[WhiteElo "2553"]
[BlackElo "2480"]

1. Nf3 Nf6 2. c4 c5 3. Nc3 d5 4. cxd5 Nxd5 5. e4 Nb4 6. Bc4 Be6 7. Bxe6 Nd3+ 8. Kf1 fxe6 9. Qb3 Qd7 10.
Ng5 Nc6 11. Nxe6 Nd4 12. Nxd4 Qxd4 13. Qa4+ Qxa4 14. Nxa4 O-O-O 15. b3 g5 16. Nb2 Nxc1 17. Rxc1 Rxd2 18. Na4 b6 19. b4 Bg7 20.
a3 Rf8 21. f3 g4 22. Ke1 Ra2 0-1